 Dungeon Crawl Stone Soup version 0.24.0-1-gfbc8707 (webtiles) character file.

Game seed: 5422333081448753588, levelgen mode: deterministic

1628 vhaine the Spear-Bearer (level 8, -3/87 HPs)
             Began as a Merfolk Berserker on Oct 27, 2019.
             Was a Priest of Trog.
             Killed by divine providence
             ... invoked by an orc priest
              (13 damage)
             ... on level 7 of the Dungeon.
             The game lasted 00:11:35 (5827 turns).

vhaine the Spear-Bearer (Merfolk Berserker)         Turns: 5827, Time: 00:11:36

Health: -3/87      AC:  5    Str: 22    XL:     8   Next: 97%
Magic:  8/8        EV: 24    Int:  8    God:    Trog [***...]
Gold:   304        SH:  0    Dex: 17    Spells: 7/7 levels left

rFire    . . .     SeeInvis .   a - +0 spear
rCold    . . .     Gourm    .   (no shield)
rNeg     . . .     Faith    .   y - +0 leather armour
rPois    .         Spirit   .   (no helmet)
rElec    .         Reflect  .   k - +1 cloak
rCorr    .         Harm     .   (no gloves)
MR       ++...                  (no boots)
Stlth    ..........             (no amulet)
HPRegen  1.64/turn              (no ring)
MPRegen  0.11/turn              (no ring)

@: agile, berserking, lethally poisoned (-3 -> -3), marked, regenerating, very
quick
A: change form in water, swift swim, stealthy swim, clumsy 1, regeneration 1,
screaming 1
a: Berserk, Trog's Hand, Renounce Religion


You were on level 7 of the Dungeon.
You worshipped Trog.
Trog was most pleased with you.
You were very hungry.

You visited 1 branch of the dungeon, and saw 6 of its levels.

You collected 304 gold pieces.

Inventory:

Hand Weapons
 a - a +0 spear (weapon)
 h - a +0 great sword
Armour
 b - a +0 animal skin
 f - the +2 ring mail of the Evening {rCorr Int+4 Dex-5 Stlth+}
   (You found it on level 4 of the Dungeon)

   It affects your intelligence (+4).
   It affects your dexterity (-5).
   It provides partial protection from all sources of acid and corrosion.
   It makes you more stealthy.
 k - a +1 cloak (worn)
 y - a +0 leather armour (worn)
Wands
 q - a wand of disintegration (8)
 x - a wand of acid (3)
Scrolls
 d - 3 scrolls of remove curse
 e - 6 scrolls of identify
 i - a scroll of teleportation
 j - 2 scrolls of blinking {unknown}
 m - 2 scrolls of enchant weapon {unknown}
 u - a scroll of noise {unknown}
 v - 2 scrolls of fear {unknown}
 w - 2 scrolls of immolation {unknown}
Potions
 g - a potion of curing
 n - a potion of flight
 p - 2 potions of mutation
Comestibles
 c - 6 rations
 l - 7 chunks of flesh


   Skills:
 - Level 3.2 Fighting
 - Level 12.0 Polearms
 - Level 1.3 Armour
 + Level 10.1 Dodging


You had 7 spell levels left.
You didn't know any spells.
Your spell library contained the following spells:

 Spells                   Type           Power        Failure   Level  Hunger
 Magic Dart               Conj           #...         45%         1    ##.....
 Blink                    Tloc           N/A          58%         2    ###....
 Call Imp                 Summ           #.......     58%         2    ###....
 Slow                     Hex            #.......     58%         2    ###....
 Conjure Flame            Conj/Fire      #.......     83%         3    ####...
 Mephitic Cloud           Conj/Pois/Air  #.......     83%         3    ####...


Dungeon Overview and Level Annotations

Branches:
Dungeon (7/15)             Temple (0/1) D:7

Altars:
Ashenzari
Zin

Annotations:
D:6 2 transporters, Quhemo's ghost, novice SpEn
D:7 Dowan; Duvessa


Innate Abilities, Weirdness & Mutations

You revert to your normal form in water.
You are very nimble and swift while swimming.
You are very stealthy in the water. (Stealth+)
You are clumsy. (Dex -2)
Your natural rate of healing is unusually fast.
You occasionally shout uncontrollably at your foes.


Message History

You hit the orc priest but do no damage.
The orc priest is lightly wounded.
The hound misses you.
You puncture the orc priest!
The orc priest is severely wounded.
The orc priest completely misses you.
You hear some strange, mumbled words.
You hit the orc priest but do no damage.
The orc priest is severely wounded.
You feel sick. The hound completely misses you. The orc barely misses you.
The orc completely misses you.
You closely miss the orc priest.
The orc priest is severely wounded.
The crimson imp misses you.
You hit the orc priest.
The orc priest is severely wounded.
The hound completely misses you.
The orc priest mumbles some strange prayers to Beogh against you.
Beogh smites you!
You die...

.....#.......... ...
.....8.............#
.....>............[.
.....8..#######...#
.....##...# ##..#
.....####.####..Z#
.....####......o{#
.....##..(...#.#o##
.....#..####((.#@h#
..##...##
#.oSo#5l..# #....###
#...o###### ....##
#....# ....# #....#
....# ###### ....#
....# ....#


You could see a hound, 2 orc priests, a crimson imp, an adder, 3 orcs, a worker
ant zombie and a leopard gecko.

Vanquished Creatures
  A wyvern (D:6)
  Menkaure (D:6)
  2 ice beasts (D:6)
  A phantom (D:4)
  An ogre (D:5)
  A centaur (D:7)
  2 bullfrogs (D:7)
  A scorpion (D:5)
  2 wights (D:6)
  A crimson imp (D:5)
  2 bullfrog zombies (D:6)
  2 quasits
  3 orc priests (D:7)
  3 hounds
  A bullfrog skeleton (D:4)
  3 orc wizards
  An iguana (D:6)
  2 worker ant zombies
  5 adders
  A shadow imp (D:7)
  2 worms (D:2)
  A dart slug (D:2)
  4 leopard geckos
  18 orcs
  4 giant cockroaches
  4 goblins
  4 hobgoblins (D:1)
  6 jackals
  6 kobolds
  2 quokkas
  A ball python skeleton (D:5)
  7 bats
  3 frilled lizards
  6 rats
104 creatures vanquished.

Vanquished Creatures (others)
  A bullfrog skeleton (D:7)
  2 plants (D:7)
3 creatures vanquished.

Grand Total: 107 creatures vanquished

Notes
Turn   | Place    | Note
-------+----------+-------------------------------------------
     0 | D:1      | vhaine the Merfolk Berserker began the quest for the Orb.
     0 | D:1      | Reached XP level 1. HP: 18/18 MP: 1/1
    83 | D:1      | Reached skill level 5 in Polearms
    87 | D:1      | Reached XP level 2. HP: 24/24 MP: 2/2
   485 | D:1      | Reached ** piety under Trog
   532 | D:1      | Reached skill level 6 in Polearms
   532 | D:1      | Reached XP level 3. HP: 21/29 MP: 3/3
  1318 | D:2      | Reached XP level 4. HP: 35/35 MP: 4/4
  1339 | D:2      | Reached skill level 7 in Polearms
  1424 | D:2      | Found a glowing silver altar of Zin.
  1454 | D:2      | You fall into a shaft and drop 2 floors!
  2002 | D:4      | Noticed a phantom
  2023 | D:4      | Killed a phantom
  2023 | D:4      | Reached skill level 9 in Polearms
  2023 | D:4      | Reached XP level 5. HP: 41/41 MP: 5/5
  2429 | D:4      | Got a twisted ring mail
  2430 | D:4      | Identified the +2 ring mail of the Evening {rCorr Int+4
                  | Dex-5 Stlth+} (You found it on level 4 of the Dungeon)
  2471 | D:5      | Entered Level 5 of the Dungeon
  2471 | D:5      | Noticed an ogre
  2477 | D:5      | Killed an ogre
  2477 | D:5      | Reached XP level 6. HP: 47/47 MP: 6/6
  2527 | D:5      | Reached skill level 10 in Polearms
  3363 | D:5      | Reached XP level 7. HP: 52/52 MP: 7/7
  3447 | D:6      | Reached skill level 11 in Polearms
  4006 | D:5      | Reached skill level 12 in Polearms
  4584 | D:6      | Found a transporter.
  4584 | D:6      | Noticed Quhemo's ghost (novice SpEn)
  4609 | D:6      | Found a transporter.
  4670 | D:6      | Noticed a wyvern
  4728 | D:6      | Noticed Menkaure
  4759 | D:6      | Gained mutation: You occasionally shout uncontrollably at
                  | your foes. [potion of mutation]
  4759 | D:6      | Gained mutation: You are clumsy. (Dex -2) [potion of
                  | mutation]
  4759 | D:6      | Gained mutation: Your natural rate of healing is unusually
                  | fast. [potion of mutation]
  4783 | D:6      | Killed Menkaure
  4783 | D:6      | Reached *** piety under Trog
  4783 | D:6      | Reached XP level 8. HP: 19/58 MP: 8/8
  5239 | D:6      | Killed a wyvern
  5362 | D:7      | Noticed Duvessa
  5362 | D:7      | Noticed Dowan
  5411 | D:7      | Found a shattered altar of Ashenzari.
  5415 | D:7      | Saw a vision of the Swamp and the Spider Nest.
  5415 | D:7      | Noticed an alligator
  5415 | D:7      | Noticed an alligator
  5415 | D:7      | Noticed an alligator
  5415 | D:7      | Noticed a redback
  5415 | D:7      | Noticed a redback
  5415 | D:7      | Noticed a redback
  5415 | D:7      | Noticed a redback
  5415 | D:7      | Noticed a redback
  5416 | D:7      | Noticed an alligator
  5416 | D:7      | Noticed a wolf spider
  5417 | D:7      | Noticed a wolf spider
  5417 | D:7      | Noticed a redback
  5417 | D:7      | Noticed a redback
  5738 | D:7      | Found a staircase to the Ecumenical Temple.
  5797 | D:7      | Noticed a spriggan baker
  5817 | D:7      | Reached skill level 10 in Dodging
  5827 | D:7      | Killed from afar by an orc priest

Levels and vault maps discovered:
D:1:      dpeg_arrival_pond, layout_rooms, minmay_misc_feat_encased
D:2:      layout_basic, lemuel_coloured_pillars_altar, first_ration,
          minmay_tetromino_o2
D:4:      layout_loops_cross
D:5:      layout_loops_ring
D:6:      layout_gridville, gammafunk_ghost_smash, minmay_misc_feat_room,
          uniq_menkaure
D:7:      layout_rooms, temple_statues, the_bakery, grunt_ashenzari_visionary
          [grunt_ashenzari_visionary_swamp, grunt_ashenzari_visionary_spider],
          uniq_duvessa

Skill      XL: |  1  2  3  4  5  6  7  8 |
---------------+-------------------------+-----
Polearms       | 5 6 9 10 12 | 12.0
Dodging        | 6 10 | 10.1
Fighting       | |  3.2
Armour         | |  1.3

Action                   |  1- 3 |  4- 6 |  7- 9 || total
-------------------------+-------+-------+-------++-------
Melee: Spear             |   127 |   165 |   275 ||   567
Invok: Berserk           |     3 |     6 |     9 ||    18
       Trog's Hand       |       |       |     2 ||     2
Evoke: Wand              |       |       |     2 ||     2
  Use: Scroll            |       |     1 |     2 ||     3
       Potion            |       |       |    12 ||    12
 Stab: Sleeping          |     2 |     1 |       ||     3
  Eat: Chunk             |     4 |    11 |     6 ||    21
       Ration            |       |       |     3 ||     3
Armor: Animal skin       |    17 |    23 |     9 ||    49
       Skin              |       |       |     9 ||     9
       Leather armour    |       |       |    23 ||    23
Dodge: Dodged            |    43 |    56 |   130 ||   229
